 Dungeon Crawl Stone Soup version 0.29-a0-870-g2c972031a6 (webtiles) character file.

Game seed: 3747024859468432654

508 kevlar127 the Ruffian (level 6, -12/94 HPs)
             Began as a Troll Berserker on July 17, 2022.
             Was a Believer of Trog.
             Mangled by Blork the orc
             ... wielding a +4 vorpal halberd
              (17 damage)
             ... on level 4 of the Dungeon.
             The game lasted 00:03:26 (2565 turns).

kevlar127 the Ruffian (Troll Berserker)             Turns: 2565, Time: 00:03:26

Health: -12/94     AC:  4    Str: 28    XL:     6   Next: 98%
Magic:  5/5        EV: 10    Int:  3    God:    Trog [**....]
Gold:   222        SH:  0    Dex:  9    Spells: 5/5 levels left

rFire   . . .      SeeInvis .     - Unarmed
rCold   . . .      Faith    .   (no shield)
rNeg    . . .      Spirit   .   a - +0 animal skin
rPois   .          Reflect  .   (helmet restricted)
rElec   .          Harm     .   s - scarf {repulsion}
rCorr   +          Rampage  .   (gloves unavailable)
Will    .....                   (boots unavailable)
Stlth   ..........              (no amulet)
HPRegen 1.05/turn               n - ring of resist corrosion
MPRegen 0.09/turn               (no ring)

@: berserking, repel missiles, very quick
A: large, unfitting armour, claws 3, regeneration 1, shaggy fur 1, tough skin 1
a: Renounce Religion, Berserk, Trog's Hand


You were on level 4 of the Dungeon.
You worshipped Trog.
Trog was pleased with you.
You visited 1 branch of the dungeon, and saw 4 of its levels.

You collected 222 gold pieces.

Inventory:

Missiles
 f - 31 stones (quivered)
 p - 4 poisoned darts
Armour
 a - a +0 animal skin (worn)
 s - a scarf of repulsion (worn)
 t - a +0 kite shield
Jewellery
 n - a ring of resist corrosion (left claw)
Scrolls
 c - 4 scrolls of identify {unknown}
 d - 2 scrolls of fog {unknown}
 e - a scroll of acquirement {unknown}
 h - 2 scrolls of immolation {unknown}
 k - a scroll of amnesia {unknown}
 l - a scroll of magic mapping {unknown}
 m - 3 scrolls of teleportation {unknown}
 w - a scroll of blinking {unknown}
Potions
 b - 2 potions of brilliance {unknown}
 g - a potion of ambrosia {unknown}
 i - a potion of berserk rage {unknown}
 j - a potion of cancellation {unknown}
 o - a potion of mutation {unknown}
 q - a potion of curing {unknown}
 r - 2 potions of lignification {unknown}
 u - 2 potions of resistance {unknown}
 v - a potion of heal wounds {unknown}


   Skills:
 + Level 4.4 Fighting
 - Level 4.0 Dodging
 + Level 5.3 Unarmed Combat


You had 5 spell levels left.
You didn't know any spells.
Your spell library was empty.

Dungeon Overview and Level Annotations

Branches:
Dungeon (4/15)             Temple (0/1) D:4

Altars:
Vehumet

Annotations:
D:4 Blork the orc, Natasha


Innate Abilities, Weirdness & Mutations

You are too large for most types of armour.
You have claws for hands.
Your natural rate of healing is unusually fast.
You are covered in fur. (AC +1)
You have tough skin. (AC +1)


Message History

The iguana is moderately wounded.
Something hits you! The iguana bites you!
* * * LOW HITPOINT WARNING * * *
You are too injured to fight recklessly!
You are too injured to fight recklessly!
You are too injured to fight recklessly!
You are too injured to fight recklessly!
You are too injured to fight recklessly!
You are too injured to fight recklessly!
You are too injured to fight recklessly!
You are too injured to fight recklessly!
You are too injured to fight recklessly!
You are too injured to fight recklessly!
You are too injured to fight recklessly!
You are too injured to fight recklessly!
You are too injured to fight recklessly!
You are too injured to fight recklessly!
You are too injured to fight recklessly!
You are too injured to fight recklessly!
You are too injured to fight recklessly!
You are too injured to fight recklessly!
An iguana is nearby!
An iguana is nearby!
A red film seems to cover your vision as you go berserk!
You feel yourself moving faster!
You feel mighty!
You hear some strange, mumbled words.
A puff of frost appears from out of thin air!
The puff of frost is repelled.
The iguana bites you!
* * * LOW HITPOINT WARNING * * *
Unknown command.
You mangle the iguana!!
You kill the iguana!
Trog accepts your kill. Something hits you!
* * * LOW HITPOINT WARNING * * *
x2 You see here an iguana corpse.
You mangle something!! Something hits you.
* * * LOW HITPOINT WARNING * * *
x2 You completely miss something.
Something hits you!
You die...

#########.#
#.......######.####.#
.##.......#
#.......'....[.# #.#
.##.......#
#.......######.# #.#
..........# #.......#
#.# #.# ........#.#
#.......# #.# #†#
.....##.#.# #.#######
#.# #.# ..........#
#.###### #.# #.#
..........#
#......#######.# #.#
..........#
#...@..+.......# #.#
..........# #..${..#
#<# #.# ..........#
#......# #.# #.#
#####.....# #......#
#.# #.# #####.....#
#......# #.# #.#
........#.# #......#
#.# #.# #########.#
#......# #.######.#
..........# #......#
#........#
###########
##########


There were no monsters in sight!

Vanquished Creatures
  Sigmund (D:3)
  A black bear (D:4)
  A jelly (D:4)
  An orc priest (D:3)
  Jessica (D:3)
  2 iguanas (D:4)
  Natasha (D:4)
  2 adders
  A white imp (D:4)
  2 worms (D:2)
  A dart slug (D:2)
  4 orcs (D:3)
  5 endoplasms
  A giant cockroach (D:3)
  5 hobgoblins
  5 kobolds
  2 quokkas
  4 ball pythons
  8 bats
  2 frilled lizards
  6 goblins
  4 rats
60 creatures vanquished.

Notes
Turn   | Place    | Note
-------+----------+-------------------------------------------
     0 | D:1      | kevlar127 the Troll Berserker began the quest for the Orb.
     0 | D:1      | Reached XP level 1. HP: 22/22 MP: 0/0
   725 | D:1      | Reached XP level 2. HP: 29/29 MP: 1/1
   788 | D:2      | Identified the +1 dagger of Mathrau {freeze, rElec rC+}
  1003 | D:2      | Found a faded altar of an unknown god.
  1177 | D:2      | Reached XP level 3. HP: 29/36 MP: 2/2
  1256 | D:2      | Identified the +11 whip "Guwoipn" {speed, Fragile rPois
                  | MP-9 Int+9}
  1444 | D:3      | Noticed Sigmund
  1455 | D:3      | Killed Sigmund
  1456 | D:3      | Reached skill level 4 in Unarmed Combat
  1456 | D:3      | Reached XP level 4. HP: 43/46 MP: 3/3
  1456 | D:3      | Reached XP level 5. HP: 50/53 MP: 4/4
  1490 | D:3      | Reached ** piety under Trog
  1825 | D:3      | Found a radiant altar of Vehumet.
  1825 | D:3      | Noticed Jessica
  1830 | D:3      | Killed Jessica
  1831 | D:3      | Reached XP level 6. HP: 62/62 MP: 5/5
  2162 | D:4      | Found a staircase to the Ecumenical Temple.
  2192 | D:4      | Reached skill level 5 in Unarmed Combat
  2392 | D:4      | Noticed Natasha
  2396 | D:4      | Killed Natasha
  2518 | D:4      | Noticed Natasha
  2555 | D:4      | Noticed Blork the orc
  2564 | D:4      | HP: 4/94 [something (1)]
  2565 | D:4      | Mangled by Blork the orc

Illustrated notes

Levels and vault maps discovered:
D:1:      pf_arrival_petrified_forest, layout_basic
D:2:      layout_loops_ring, ebering_ecumenical_altar_hall,
          serial_park_tiny_pond
D:3:      layout_basic, nicolae_vehumet_altar_sigil, uniq_jessica, uniq_sigmund
D:4:      layout_basic, minmay_temple_entry_large_hall,
          chequers_decorated_corner, uniq_natasha, uniq_blork_the_orc

Skill      XL: |  1  2  3  4  5  6 |
---------------+-------------------+-----
Fighting       | 3 4 |  4.4
Dodging        | 3 4 |  4.0
Unarmed Combat | 4 5 |  5.3

Action                   |  1- 3 |  4- 6 || total
-------------------------+-------+-------++-------
Melee: Unarmed           |    80 |    75 ||   155
       Punch             |     2 |     3 ||     5
Invok: Berserk           |       |     1 ||     1
 Stab: Sleeping          |       |     1 ||     1
Armor: Animal skin       |    40 |    16 ||    56
Dodge: Dodged            |    48 |    40 ||    88
       Repelled          |       |     1 ||     1

Table legend: (Time is in decaauts)
 A = Elapsed time spent in this place.
 B = Non-inter-level travel time spent in this place.
 C = Inter-level travel time spent in this place.
 D = Time resting spent in this place.
 E = Time spent auto-exploring this place.
 F = Levels seen in this place.
 G = Mean time per level.
                   A        B        C        D        E       F      G
               +--------+--------+--------+--------+--------+-----+--------+
         Total |   2552 |   2454 |     98 |      0 |   2063 |   4 |  638.0 |
       Dungeon |   2552 |   2454 |     98 |      0 |   2063 |   4 |  638.0 |
               +--------+--------+--------+--------+--------+-----+--------+

Top non-repeatable levels by time:
     D:1: 777 daAuts
     D:2: 662 daAuts
     D:4: 577 daAuts
     D:3: 535 daAuts
